 Dungeon Crawl Stone Soup version 0.30.1-11-g7821555f0a (webtiles) character file.

Game seed: 4145343817750798115

2811001 spheroid the Conqueror (level 26, 266/266 HPs)
             Began as a Minotaur Fighter on Jan 4, 2024.
             Was the Champion of Okawaru.
             Escaped with the Orb
             ... and 4 runes on Jan 11, 2024!
             The game lasted 06:54:13 (52183 turns).

spheroid the Conqueror (Minotaur Fighter)          Turns: 52183, Time: 06:54:13

Health: 266/266    AC: 47    Str: 42    XL:     26   Next: 83%
Magic:  40/40      EV: 25    Int:  6    God:    Okawaru [******]
Gold:   6278       SH: 17    Dex: 21    Spells: 25/25 levels left

rFire   + + +        p - +9 morningstar (holy)
rCold   + + +        c - +2 shield of Resistance {rF++ rC++ Will++}
rNeg    + + .        Q - +10 plate armour of Filth {-Cast rElec rF++ Str+3 Dex+4}
rPois   +            E - +2 hat "Trusted Companion" {+Blink Regen+}
rElec   +            R - +2 cloak {rCorr}
rCorr   +            I - +2 pair of gloves of Iklih {rElec rC+ Str+2}
SInv    +            P - +1 pair of boots of Okawaru's Esteem {rC++ Str+5 Dex+3}
Will    +++++        D - amulet of regeneration
Stlth   +            T - ring of Guaruali {Drain Will++ EV+5 Slay+5 Stlth+}
HPRegen 2.24/turn    k - ring "Qablesih" {rC- rN++ MP+9 Dex+4 Slay+3}
MPRegen 0.27/turn

%: no spellcasting
@: studying 2 skills
A: horns 2, retaliatory headbutt, hooves 1, iridescent scales 1, see invisible,
clumsy 1, deterioration 1, poison resistance, screaming 1, strong 1,
teleportitis 1, cold vulnerability 1, subdued magic 1
0: Orb of Zot
}: 4/15 runes: decaying, serpentine, slimy, silver
a: Renounce Religion, Evoke Blink, Heroism, Finesse, Duel


You escaped.
You worshipped Okawaru.
Okawaru was exalted by your worship.
You visited 11 branches of the dungeon, and saw 53 of its levels.
You also visited: Wizlab.

You collected 7976 gold pieces.
You spent 1698 gold pieces at shops.

Inventory:

Hand Weapons
 p - a +9 morningstar of holy wrath (weapon)
 q - a +3 vampiric eveningstar
Missiles
 b - 10 boomerangs
 e - 5 throwing nets
 m - 19 curare-tipped darts
 n - a silver boomerang
 H - 11 javelins
 O - 8 boomerangs of dispersal
 Y - 4 silver javelins (quivered)
Armour
 c - the +2 shield of Resistance (worn) {rF++ rC++ Will++}
   (Okawaru gifted it to you on level 1 of the Swamp)

   rF:        It greatly protects you from fire.
   rC:        It greatly protects you from cold.
   Will:      It greatly increases your willpower.
 E - the +2 hat "Trusted Companion" (worn) {+Blink Regen+}
   (You acquired it on level 3 of the Snake Pit)

   +Blink:    It lets you blink.
   Regen:     It increases your rate of health regeneration.
 I - the +2 pair of gloves of Iklih (worn) {rElec rC+ Str+2}
   (Okawaru gifted it to you on level 1 of the Vaults)

   Str:       It affects your strength (+2).
   rC:        It protects you from cold.
   rElec:     It insulates you from electricity.
 P - the +1 pair of boots of Okawaru's Esteem (worn) {rC++ Str+5 Dex+3}
   (Okawaru gifted it to you on level 11 of the Dungeon)

   Str:       It affects your strength (+5).
   Dex:       It affects your dexterity (+3).
   rC:        It greatly protects you from cold.
 Q - the +10 plate armour of Filth (worn) {-Cast rElec rF++ Str+3 Dex+4}
   (Okawaru gifted it to you on level 3 of the Vaults)

   Str:       It affects your strength (+3).
   Dex:       It affects your dexterity (+4).
   rF:        It greatly protects you from fire.
   rElec:     It insulates you from electricity.
   -Cast:     It prevents spellcasting.
 R - a +2 cloak of preservation (worn)
Jewellery
 a - a ring of flight
 k - the ring "Qablesih" (right hand) {rC- rN++ MP+9 Dex+4 Slay+3}
   (You found it on level 12 of the Dungeon)

   [ring of magical power]

   Dex:       It affects your dexterity (+4).
   Slay:      It affects your accuracy & damage with ranged weapons and melee
   (+3).
   rC:        It makes you vulnerable to cold.
   rN:        It greatly protects you from negative energy.
   MP:        It affects your magic capacity (+9).
 v - the ring "Hoopuo Inno" {rPois rCorr Str+6}
   (You acquired it on level 1 of the Snake Pit)

   [ring of strength]

   Str:       It affects your strength (+6).
   rPois:     It protects you from poison.
   rCorr:     It protects you from acid and corrosion.
 D - an amulet of regeneration (around neck)
 T - the ring of Guaruali (left hand) {Drain Will++ EV+5 Slay+5 Stlth+}
   (You found it on level 11 of the Dungeon)

   [ring of evasion]

   EV:        It affects your evasion (+5).
   Slay:      It affects your accuracy & damage with ranged weapons and melee
   (+5).
   Drain:     It drains your maximum health when unequipped.
   Will:      It greatly increases your willpower.
   Stlth:     It makes you more stealthy.
Wands
 f - a wand of roots (45)
 l - a wand of mindburst (24)
 o - a wand of polymorph (27)
 B - a wand of digging (6)
 F - a wand of acid (64)
 M - a wand of flame (5)
Scrolls
 j - a scroll of enchant armour
 r - 17 scrolls of teleportation
 s - 13 scrolls of blinking
 t - 11 scrolls of fog
 w - 10 scrolls of magic mapping
 z - 3 scrolls of immolation
 G - 5 scrolls of torment
 J - 6 scrolls of fear
 L - 5 scrolls of poison
 N - 3 scrolls of silence
Potions
 d - 7 potions of might
 g - 5 potions of mutation
 h - 31 potions of curing
 i - 3 potions of resistance
 u - 6 potions of berserk rage
 x - 7 potions of lignification
 A - 4 potions of haste
 C - 6 potions of invisibility
 K - 5 potions of cancellation
 V - 20 potions of heal wounds
Miscellaneous
 y - a tin of tremorstones (2/2)
 U - a lightning rod (4/4)
 Z - a phial of floods


   Skills:
 O Level 27 Fighting
 O Level 27 Maces & Flails
 + Level 22.6 Throwing
 O Level 27 Armour
 - Level 15.0 Dodging
 - Level 10.0 Stealth
 - Level 15.0 Shields
 - Level 12.0 Invocations
 - Level 10.0 Evocations


You had 25 spell levels left.
You didn't know any spells.
Your spell library contained the following spells:

 Spells                   Type           Power      Damage    Failure   Level
 Apportation              Tloc           0%         N/A       75%         1
 Beastly Appendage        Tmut           0%         N/A       75%         1
 Magic Dart               Conj           0%         1d3       75%         1
 Necrotise                Necr           0%         1d4       75%         1
 Sandblast                Erth           0%         2d4       75%         1
 Shock                    Conj/Air       0%         1d3       75%         1
 Slow                     Hex            0%         N/A       75%         1
 Sting                    Tmut/Pois      0%         1d3       75%         1
 Blink                    Tloc           0%         N/A       87%         2
 Cigotuvi's Dreadful Rot  Necr/Pois/Air  0%         N/A       87%         2
 Ensorcelled Hibernation  Hex/Ice        0%         N/A       87%         2
 Lesser Beckoning         Tloc           0%         N/A       87%         2
 Momentum Strike          Conj/Tloc      0%         3d8       87%         2
 Passwall                 Tmut/Erth      0%         N/A       87%         2
 Poisonous Vapours        Pois/Air       0%         N/A       87%         2
 Searing Ray              Conj           0%         2d4       87%         2
 Static Discharge         Conj/Air       0%         2-2/arc   87%         2
 Sublimation of Blood     Necr           0%         N/A       87%         2
 Wereblood                Tmut           0%         N/A       87%         2
 Confusing Touch          Hex            0%         N/A       98%         3
 Frozen Ramparts          Ice            0%         1d1       98%         3
 Gell's Gravitas          Tloc           0%         N/A       98%         3
 Ignite Poison            Fire/Tmut/Pois 0%         N/A       98%         3
 Inner Flame              Hex/Fire       0%         N/A       98%         3
 Mephitic Cloud           Conj/Pois/Air  0%         N/A       98%         3
 Spider Form              Tmut/Pois      0%         N/A       98%         3
 Stone Arrow              Conj/Erth      0%         3d7       98%         3
 Swiftness                Air            0%         N/A       98%         3
 Teleport Other           Tloc           0%         N/A       98%         3
 Vampiric Draining        Necr           0%         2d6       98%         3
 Vhi's Electric Charge    Tloc/Air       0%         N/A       98%         3
 Airstrike                Air            0%         2d(0-16)  100%        4
 Anguish                  Hex/Necr       0%         N/A       100%        4
 Flame Wave               Conj/Fire      0%         2d4       100%        4
 Fulminant Prism          Conj/Hex       0%         3d5       100%        4
 Ice Form                 Ice/Tmut       0%         N/A       100%        4
 Leda's Liquefaction      Hex/Erth       0%         N/A       100%        4
 Manifold Assault         Tloc           0%         N/A       100%        4
 Olgreb's Toxic Radiance  Pois           0%         N/A       100%        4
 Passage of Golubria      Tloc           0%         N/A       100%        4
 Petrify                  Tmut/Erth      0%         N/A       100%        4
 Sticky Flame             Conj/Fire      0%         2d3       100%        4
 Alistair's Intoxication  Tmut/Pois      0%         N/A       100%        5
 Arcjolt                  Conj/Air       0%         1d10      100%        5
 Borgnjor's Vile Clutch   Necr/Erth      0%         N/A       100%        5
 Freezing Cloud           Conj/Ice/Air   0%         6-21      100%        5
 Iskenderun's Battlesphe  Conj           0%         2d6       100%        5
 Metabolic Englaciation   Hex/Ice        0%         N/A       100%        5
 Silence                  Hex/Air        0%         N/A       100%        5
 Yara's Violent Unravell  Hex/Tmut       0%         3d3       100%        5
 Conjure Ball Lightning   Conj/Air       0%         3x3d6     100%        6
 Dispersal                Tloc           0%         N/A       100%        6
 Iron Shot                Conj/Erth      0%         9d1       100%        6
 Plasma Beam              Fire/Air       0%         2x1d11    100%        6
 Statue Form              Tmut/Erth      0%         N/A       100%        6
 Enfeeble                 Hex            0%         N/A       100%        7
 Orb of Destruction       Conj           0%         9d5       100%        7
 Discord                  Hex            0%         N/A       100%        8
 Disjunction              Tloc           0%         N/A       100%        8
 Lehudib's Crystal Spear  Conj/Erth      0%         10d2      100%        8
 Maxwell's Capacitive Co  Air            0%         ∞         100%        8
 Summon Small Mammal      Summ           Unusable   N/A       N/A         1
 Call Imp                 Summ           Unusable   N/A       N/A         2
 Summon Guardian Golem    Hex/Summ       Unusable   N/A       N/A         3
 Tukima's Dance           Hex            Unusable   N/A       N/A         3
 Animate Armour           Summ/Erth      Unusable   N/A       N/A         4
 Animate Dead             Necr           Unusable   N/A       N/A         4
 Summon Ice Beast         Ice/Summ       Unusable   N/A       N/A         4
 Summon Lightning Spire   Summ/Air       Unusable   N/A       N/A         4
 Death Channel            Necr           Unusable   N/A       N/A         6
 Spellforged Servitor     Conj/Summ      Unusable   N/A       N/A         7
 Summon Hydra             Summ           Unusable   N/A       N/A         7

Dungeon Overview and Level Annotations

Branches:
Dungeon (15/15)            Temple (1/1) D:5            Lair (5/5) D:8
  Swamp (4/4) Lair:2        Snake (4/4) Lair:2        Slime (5/5) Lair:5
    Orc (2/2) D:10            Elf (3/3) Orc:2        Vaults (5/5) D:13
  Crypt (0/3) Vaults:3     Depths (4/4) D:15            Zot (5/5) Depths:4
 WizLab (visited)

Altars:
Ashenzari
Cheibriados
Dithmenos
Elyvilon
Fedhas
Gozag
Hepliaklqana
Kikubaaqudgha
Makhleb
Nemelex Xobeh
Okawaru
Qazlal
Ru
Sif Muna
Trog
Uskayaw
Vehumet
Wu Jian
Xom
Yredelemnul
Zin
The Shining One
Jiyva
Lugonu

Shops:
D:1 (   D:2 =   D:6 !([   D:14 (   Orc:2 !*([=   Elf:1 =   Elf:3 *   Snake:2 :?
Snake:3 (*==!?*   Vaults:5 :

Portals:
Hell: Depths:1 Depths:2 Depths:3 Depths:4
Abyss: D:6 Snake:4 Depths:3
Pandemonium: Depths:2
Ziggurat: Depths:4
Trove: Vaults:2 (lose all piety)

Annotations:
D:12 exclusion: orange crystal statue


Innate Abilities, Weirdness & Mutations

You have a pair of horns on your head.
You reflexively headbutt those who attack you in melee.
You have large cloven feet.
You are partially covered in iridescent scales. (AC +2)
You have supernaturally acute eyesight. (SInv)
You are clumsy. (Dex -2)
Your body sometimes deteriorates upon taking damage.
Your system is resistant to poisons. (rPois)
You occasionally shout uncontrollably at your foes.
Your muscles are strong. (Str +4, Int/Dex -1)
You are occasionally teleported next to monsters.
You are vulnerable to cold. (rC-)
Your spells are a little easier to cast, but a little less powerful.


Message History

Press: ? - help, Q - select action, (/) - cycle Shift-Dir - straight line, f - Loateng
Aim: Loateng (52% to hit, chaotic)
You throw a silver javelin.
The silver javelin pierces through Loateng!!!
The silver sears Loateng!
Loateng is severely wounded.
Throw: 3 javelins (silver)
Press: ? - help, Q - select action, (/) - cycle Shift-Dir - straight line, f/p - Loateng
Aim: Loateng (severely wounded, 52% to hit, chaotic)
You throw a silver javelin.
The silver javelin completely misses Loateng.
Throw: 2 javelins (silver)
Press: ? - help, Q - select action, (/) - cycle Shift-Dir - straight line, f/p - Loateng
Aim: Loateng (severely wounded, 52% to hit, chaotic)
You throw a silver javelin.
The silver javelin pierces through Loateng!!!
The silver sears Loateng!
You kill Loateng!
Okawaru accepts your kill.
The small abomination closely misses you.
You furiously retaliate!
You headbutt the small abomination!!
You destroy the small abomination!
Okawaru accepts your kill.
Y - 4 silver javelins (gained 3)
There is a stone staircase leading up here.
(D) Dungeon (T) Temple (L) Lair (S) Swamp (P) Snake Pit (M) Slime Pits (O) Orcish Mines (E) Elven Halls (V) Vaults (C) Crypt (U) Depths (H) Hell (Z) Zot
Where to? (Enter - D:1, ? - help)
You climb upwards.
There is a stone staircase leading down here.
Unknown command.
A lorocyproca comes into view.
You see here a +0 club.
You open the door.
There is an open door here.
A hell beast comes into view.
There is a staircase leading out of the dungeon here.
You have escaped!

### #..[......# #....
..############.........######....
.................................
..#########......................
..# ##...####'#####...........
.## #..###.....2.##......#....
..## ##..###.8.8.8.##......#####
...####....##.......##......# ###
8.>.∩.8.##..'.8.@.8.'.......###..
###.######..#...2...####..####...
#..## #..#.8.8.8.# #..# #....
##..# #..#.......####..###....
##.# #..####'#####...#.....†.
#.#####..........#.......#...
#....................######..
#.#####............#..#####..
#...# #.....................#


You could see a hell beast and a lorocyproca (invisible).

Vanquished Creatures
  the Royal Jelly (Slime:5)
  3 dread liches
  9 orbs of fire
  3 ancient liches
  A juggernaut (Depths:2)
  3 pandemonium lords
  Sojobo (Depths:1)
  5 Killer Klowns
  Vv (Depths:4)
  3 curse toes
  Margery (Vaults:5)
  Saint Roka (Depths:4)
  A Hellbinder (WizLab)
  3 golden dragons
  A bone dragon (Depths:4)
  3 electric golems
  A walking crystal tome (Depths:3)
  Rupert (D:14)
  15 tentacled monstrosities
  26 Orb Guardians
  Asterion (Vaults:3)
  Mlioglotl (Swamp:2)
  5 liches
  9 quicksilver dragons
  4 titans (Vaults:5)
  A walking frostbound tome (Depths:2)
  26 acid blobs
  2 deep elf blademasters (Elf:3)
  2 deep elf master archers (Elf:3)
  3 Executioners
  The ghost of dchavez06 the Earth Mage, an adept GrEE of Vehumet (Swamp:3)
  Kirke (Lair:4)
  A tentacled starspawn (Snake:4)
  5 sphinxes
  7 death cobs
  5 thorn hunters
  Frances (D:13)
  The ghost of jurchenman the Tortoise, an adept MiFi of Okawaru (Snake:4)
  5 tengu reavers
  Roxanne (D:15)
  10 storm dragons
  12 shadow dragons
  Donald (Swamp:2)
  13 draconian monks
  4 nagarajas (Snake:4)
  5 azure jellies
  4 draconian knights
  11 rockslimes
  11 fire giants
  5 deep elf sorcerers
  6 frost giants
  2 iron dragons (Vaults:5)
  28 vault wardens
  4 draconian scorchers
  2 balrugs
  A demonspawn warmonger (D:3)
  5 ghost moths
  The ghost of Ythrij the Geomancer, a journeyman GrEE of Makhleb (D:14)
  A reaper (Depths:1)
  6 draconian shifters
  3 cacodemons (WizLab)
  4 draconian stormcallers (Zot:1)
  24 ironbound preservers
  A deep elf elementalist (Elf:3)
  2 orc warlords
  A quicksilver ooze (shapeshifter) (Vaults:5)
  3 war gargoyles
  7 draconian annihilators
  5 ghouls (Swamp:4)
  12 quicksilver oozes
  A demonspawn blood saint (WizLab)
  A spriggan defender (Depths:3)
  18 stone giants
  2 vampire knights
  9 ironbound thunderhulks
  35 very ugly things
  3 eleionomae (Swamp:2)
  A spark wasp (shapeshifter) (Depths:3)
  8 deep elf demonologists (Elf:3)
  11 green draconians
  12 spark wasps
  9 yellow draconians
  14 white draconians
  12 black draconians
  9 red draconians
  A lorocyproca (WizLab)
  6 deep elf annihilators
  13 dire elephants
  7 purple draconians
  3 green deaths (WizLab)
  6 bunyips
  14 fire dragons
  17 ettins
  A jiangshi (Vaults:3)
  6 deep elf death magi (Elf:3)
  2 crystal guardians
  6 deep elf high priests
  2 entropy weavers
  10 yaktaur captains
  A great orb of eyes (shapeshifter) (Depths:3)
  3 shambling mangroves
  3 salamander tyrants (Snake:4)
  9 great orbs of eyes
  24 hydras
  15 ice dragons
  2 hell beasts (WizLab)
  3 rakshasas
  Erolcha (D:11)
  A hydra (shapeshifter) (Vaults:5)
  2 peacekeepers
  38 vault guards
  4 catoblepae
  A juggernaut simulacrum (Depths:3)
  2 ghost crabs
  An ogre mage (D:13)
  4 spriggan air magi
  5 anacondas
  A death knight (D:12)
  8 centaur warriors
  9 ironbound frosthearts
  14 alligators
  4 two-headed ogres
  9 dancing weapons
  7 naga warriors
  4 boulder beetles
  15 deep troll shamans
  A vampire mage (Depths:3)
  8 death yaks (Lair:5)
  5 tengu warriors
  6 naga sharpshooters
  13 deep troll earth magi
  4 large abominations
  An orc high priest (Orc:2)
  2 hell hogs (Snake:4)
  10 shock serpents
  15 hell knights
  4 spriggan berserkers
  Sonja (Lair:1)
  8 deep elf knights
  2 sixfirhies
  A sun demon (D:7)
  3 skeletal warriors
  4 soul eaters
  2 spark wasp zombies
  A fire crab (shapeshifter) (Elf:3)
  A flayed ghost (Depths:4)
  2 death drakes (Swamp:3)
  3 salamander mystics
  85 deep trolls
  3 goliath frogs
  3 spriggan druids
  A golden dragon zombie (D:15)
  An orb spider (Zot:3)
  21 iron trolls
  3 sea snakes (Snake:4)
  6 glowing orange brains
  14 swamp dragons
  A spriggan simulacrum (Depths:3)
  4 lindwurms
  6 naga ritualists
  17 ironbound convokers
  10 orc knights
  2 steelbarb worms (Swamp:4)
  An orange crystal statue (Depths:1)
  6 deep elf archers
  3 bog bodies (Swamp:1)
  13 necromancers
  8 mana vipers
  6 wizards
  4 phantasmal warriors
  16 deep elf pyromancers
  5 harpies
  12 deep elf zephyrmancers
  An iron dragon zombie (Depths:3)
  15 salamanders
  34 ugly things
  7 cyclopes
  8 manticores
  A worldbinder (Snake:4)
  4 orc sorcerers
  A stone giant zombie (Vaults:3)
  2 cyclopes (shapeshifter)
  10 will-o-the-wisps
  27 moths of wrath
  8 shining eyes
  A faun (shapeshifter) (Vaults:5)
  9 elephants
  A frost giant zombie (D:15)
  22 vault sentinels
  14 naga magi
  A salamander (shapeshifter) (Vaults:2)
  A rust devil (Depths:2)
  6 guardian serpents
  3 smoke demons
  A frost giant skeleton (Vaults:3)
  37 black mambas
  2 orange demons
  A gargoyle (D:10)
  16 cane toads
  An efreet (D:13)
  5 unseen horrors
  9 rime drakes
  6 kobold demonologists
  2 tormentors (WizLab)
  3 hellions
  A spark wasp simulacrum (Depths:3)
  8 komodo dragons
  46 yaktaurs
  4 tengu conjurers
  2 red devils (WizLab)
  7 ice devils (WizLab)
  2 burning bushes (Lair:3)
  A meliai (shapeshifter) (Vaults:5)
  17 tyrant leeches
  4 polar bears
  Grinder (D:6)
  8 trolls
  5 hellwings
  A wind drake (shapeshifter) (D:12)
  24 hornets
  11 blink frogs
  6 dream sheep
  A snapping turtle (shapeshifter) (Depths:3)
  3 jumping spiders (Zot:3)
  16 spriggans
  2 ynoxinuls
  98 slime creatures
  2 vampires (D:12)
  A water elemental (Elf:2)
  2 fire elementals
  51 yaks
  An air elemental (Elf:3)
  3 wraiths
  A hog (Lair:4)
  Eustachio (D:6)
  A wyvern (Lair:5)
  5 humans (Lair:4)
  A basilisk (shapeshifter) (D:14)
  5 golden eyes (Slime:5)
  18 vampire mosquitoes
  8 basilisks
  4 chaos spawn
  A redback (Vaults:2)
  2 small abominations
  Edmund (D:6)
  Grum (Lair:1)
  A redback (shapeshifter) (Depths:3)
  A neqoxec (WizLab)
  5 wargs
  5 steam dragons
  34 nagas
  22 swamp worms
  21 water moccasins
  An acid dragon (Lair:5)
  2 human skeletons
  31 orc warriors
  21 swamp drakes
  8 ice beasts
  A sky beast (D:7)
  6 ogres
  8 wolves
  A black bear (D:8)
  9 centaurs
  4 boggarts (Vaults:2)
  4 kobold brigands
  Blork the orc (Orc:2)
  7 bullfrogs
  2 earth elementals
  4 gnoll sergeants
  5 scorpions
  4 wights (D:10)
  15 killer bees
  2 electric eels (Snake:4)
  19 orc priests
  2 hounds
  13 jellies
  6 iguanas
  29 orc wizards
  A sleepcap (D:6)
  22 gnolls
  10 adders
  4 shadow imps
  A white imp (D:7)
  2 ufetubi
  2 worms (D:3)
  A dart slug (D:1)
  68 orcs
  7 endoplasms
  4 giant cockroaches
  11 goblins
  16 hobgoblins
  4 jackals
  A quokka (D:5)
  5 ball pythons
  3 bats
  4 frilled lizards
  31 kobolds
  9 rats
2272 creatures vanquished.

Vanquished Creatures (others)
  A draconian knight (Zot:1)
  A draconian annihilator (Zot:1)
  A stone giant (Vaults:5)
  A purple draconian (Zot:1)
  A fire dragon (Depths:2)
  A vault guard (Vaults:5)
  A swamp dragon (Swamp:1)
  2 bloated husks (Swamp:1)
  A tarantella (Zot:3)
  2 hornets
  2 spriggans
  A naga (Snake:4)
  42 foxfires
  2 lurking horrors
59 creatures vanquished.

Grand Total: 2331 creatures vanquished

Notes
Turn   | Place    | Note
-------+----------+-------------------------------------------
     0 | D:1      | spheroid the Minotaur Fighter began the quest for the Orb.
     0 | D:1      | Reached XP level 1. HP: 19/19 MP: 0/0
     9 | D:1      | Found Puugih's Antique Weapon Shoppe.
   144 | D:1      | Reached XP level 2. HP: 27/27 MP: 1/1
   454 | D:1      | Reached XP level 3. HP: 33/33 MP: 2/2
   768 | D:2      | Reached XP level 4. HP: 36/41 MP: 3/3
   917 | D:2      | Found Padeiset's Jewellery Shoppe.
   927 | D:2      | Found a shimmering altar of Xom.
  1234 | D:3      | Found a stormy altar of Qazlal.
  1703 | D:3      | Found a faded altar of an unknown god.
  1940 | D:4      | Identified the +1 helmet "Cilu" {Rampage Int-5 Stlth+}
  2027 | D:4      | Reached XP level 5. HP: 41/47 MP: 4/4
  2118 | D:4      | Noticed an ice beast
  2136 | D:4      | Killed an ice beast
  2137 | D:4      | Reached skill level 5 in Fighting
  2137 | D:4      | Reached skill level 5 in Armour
  2137 | D:4      | Reached skill level 5 in Shields
  2327 | D:4      | Found a glowing golden altar of the Shining One.
  2450 | D:4      | Reached XP level 6. HP: 54/56 MP: 5/5
  2565 | D:5      | Entered Level 5 of the Dungeon
  2953 | D:5      | Reached XP level 7. HP: 49/62 MP: 6/6
  2971 | D:5      | Found a staircase to the Ecumenical Temple.
  2978 | Temple   | Entered the Ecumenical Temple
  3162 | Temple   | Became a worshipper of Warmaster Okawaru
  3353 | D:5      | Reached skill level 5 in Maces & Flails
  3704 | D:6      | Found Zerit's Distillery.
  3704 | D:6      | Found a one-way gate to the infinite horrors of the Abyss.
  3704 | D:6      | Found a corrupted altar of Lugonu.
  3752 | D:6      | Noticed Grinder
  3766 | D:6      | Killed Grinder
  3854 | D:6      | Reached XP level 8. HP: 58/71 MP: 7/7
  3971 | D:6      | Reached * piety under Okawaru
  4111 | D:6      | Found Potiod's Weapon Shoppe.
  4112 | D:6      | Noticed Edmund
  4126 | D:6      | Killed Edmund
  4127 | D:6      | Reached skill level 1 in Dodging
  4273 | D:6      | Noticed Eustachio
  4282 | D:6      | Killed Eustachio
  4538 | D:6      | Found Wuclam's Armour Emporium.
  5100 | D:7      | Reached ** piety under Okawaru
  5246 | D:7      | Reached XP level 9. HP: 61/80 MP: 8/8
  6092 | D:8      | Reached *** piety under Okawaru
  6116 | D:8      | Noticed a rime drake
  6125 | D:8      | Killed a rime drake
  6136 | D:8      | Found a staircase to the Lair.
  6148 | D:8      | Reached skill level 1 in Throwing
  6201 | D:8      | Reached **** piety under Okawaru
  6415 | D:8      | Reached XP level 10. HP: 79/90 MP: 9/9
  6420 | D:8      | Reached skill level 5 in Dodging
  6586 | D:8      | Found a hide-covered altar of Uskayaw.
  6633 | D:8      | Found an ornate altar of the Wu Jian Council.
  7758 | D:10     | Entered Level 10 of the Dungeon
  7772 | D:10     | Identified the +2 dagger of True Grit {heavy, *Rage rPois
                  | rF+++ SInv}
  7804 | D:10     | Found a staircase to the Orcish Mines.
  7837 | D:10     | Reached ***** piety under Okawaru
  8004 | D:10     | Noticed a gargoyle
  8016 | D:10     | Killed a gargoyle
  8409 | D:10     | Reached skill level 10 in Maces & Flails
  8516 | D:10     | Found a blossoming altar of Fedhas.
  8765 | D:11     | Noticed a two-headed ogre
  8772 | D:11     | Killed a two-headed ogre
  8772 | D:11     | Received a gift from Okawaru
  8778 | D:11     | Reached skill level 10 in Armour
  8778 | D:11     | Reached skill level 10 in Shields
  8841 | D:11     | Noticed a rust devil
  8843 | D:11     | Noticed an orange demon
  8844 | D:11     | Reached skill level 10 in Fighting
  8850 | D:11     | Reached XP level 11. HP: 99/99 MP: 10/10
  8866 | D:11     | Noticed a sixfirhy
  8867 | D:11     | Identified the +1 pair of boots of Okawaru's Esteem {rC++
                  | Str+5 Dex+3} (Okawaru gifted it to you on level 11 of the
                  | Dungeon)
  8867 | D:11     | Received a gift from Okawaru
  9305 | D:11     | Noticed Erolcha
  9313 | D:11     | Killed Erolcha
  9462 | D:11     | Reached skill level 5 in Throwing
  9473 | D:11     | Identified the ring of Guaruali {Drain Will++ EV+5 Slay+5
                  | Stlth+}
  9768 | D:12     | Noticed an orange crystal statue
  9804 | D:12     | Noticed a centaur warrior
  9816 | D:12     | Killed a centaur warrior
  9921 | D:12     | Noticed a wizard
  9924 | D:12     | Killed a wizard
 10029 | D:12     | Noticed a skyshark
 10031 | D:12     | Noticed a boulder beetle
 10037 | D:12     | a cyclops changed into a swamp dragon
 10037 | D:12     | Noticed a swamp dragon (glowing shapeshifter)
 10040 | D:12     | Reached ****** piety under Okawaru
 10040 | D:12     | Received a gift from Okawaru
 10043 | D:12     | a swamp dragon changed into a two-headed ogre
 10043 | D:12     | Noticed a two-headed ogre (glowing shapeshifter)
 10047 | D:12     | Killed a boulder beetle
 10048 | D:12     | a two-headed ogre changed into a cyclops
 10186 | D:12     | Reached XP level 12. HP: 110/110 MP: 11/11
 10203 | D:12     | Reached skill level 15 in Maces & Flails
 10444 | D:12     | Identified the ring "Qablesih" {rC- rN++ MP+9 Dex+4 Slay+3}
 10458 | D:12     | Identified the +1 pair of gloves of Wukkap {Dex+4} (Okawaru
                  | gifted it to you on level 12 of the Dungeon)
 10458 | D:12     | Received a gift from Okawaru
 10695 | D:12     | Noticed a two-headed ogre
 10703 | D:12     | Killed a two-headed ogre
 10725 | D:12     | Noticed a death knight
 10730 | D:12     | Killed a death knight
 11010 | D:13     | Noticed an ogre mage
 11010 | D:13     | Noticed a two-headed ogre
 11021 | D:13     | Killed a two-headed ogre
 11027 | D:13     | Killed an ogre mage
 11032 | D:13     | Noticed a two-headed ogre
 11045 | D:13     | Killed a two-headed ogre
 11054 | D:13     | Found a gate to the Vaults.
 11189 | D:13     | Found a sacrificial altar of Ru.
 11493 | D:13     | Noticed Frances
 11503 | D:13     | Killed Frances
 11504 | D:13     | Reached skill level 1 in Evocations
 12202 | Lair:1   | Entered Level 1 of the Lair of Beasts
 12250 | Lair:1   | Reached XP level 13. HP: 118/118 MP: 12/12
 12303 | Lair:1   | Identified the +0 pair of gloves of the Barnacle {rN+}
                  | (Okawaru gifted it to you on level 1 of the Lair of Beasts)
 12303 | Lair:1   | Received a gift from Okawaru
 12341 | Lair:1   | Identified a scroll of acquirement
 12424 | Lair:1   | Noticed Sonja
 12442 | Lair:1   | Killed Sonja
 12692 | Lair:1   | Identified the +4 broad axe of Athreush {speed, rC+++ rCorr
                  | Str+2 Int-5}
 12724 | Lair:1   | Noticed Grum
 12734 | Lair:1   | Killed Grum
 12739 | Lair:1   | Acquired a +0 vampiric eveningstar
 13345 | Lair:2   | Reached skill level 1 in Invocations
 13418 | Lair:2   | Identified the +2 leather armour of Wybloir {rCorr}
 13505 | Lair:2   | Found a staircase to the Snake Pit.
 13616 | Lair:2   | Found a staircase to the Swamp.
 14202 | Lair:3   | Received a gift from Okawaru
 14760 | Lair:3   | Received a gift from Okawaru
 15109 | Lair:4   | Reached XP level 14. HP: 129/129 MP: 15/15
 15176 | Lair:4   | Noticed Kirke
 15198 | Lair:4   | Killed Kirke
 15529 | Lair:4   | Received a gift from Okawaru
 15660 | Lair:5   | Entered Level 5 of the Lair of Beasts
 15862 | Lair:5   | Found a viscous altar of Jiyva.
 15866 | Lair:5   | Found a staircase to the Slime Pits.
 16260 | Lair:5   | Reached skill level 5 in Evocations
 16480 | Lair:5   | Reached skill level 5 in Invocations
 16496 | Lair:5   | Received a gift from Okawaru
 16497 | Lair:5   | Reached skill level 10 in Dodging
 17426 | D:6      | Bought a potion of attraction for 36 gold pieces
 17426 | D:6      | Bought a potion of curing for 36 gold pieces
 17426 | D:6      | Bought a potion of flight for 36 gold pieces
 17516 | D:2      | Bought a ring of flight for 227 gold pieces
 17774 | Orc:1    | Entered Level 1 of the Orcish Mines
 17798 | Orc:2    | Entered Level 2 of the Orcish Mines
 17912 | Orc:2    | Noticed Blork the orc
 17958 | Orc:2    | Killed Blork the orc
 18001 | Orc:2    | Noticed an orc warlord
 18030 | Orc:2    | Killed an orc warlord
 18031 | Orc:2    | Reached XP level 15. HP: 138/138 MP: 18/18
 18046 | Orc:2    | Found Irchist's General Store.
 18096 | Orc:2    | Found Zufacs's Jewellery Boutique.
 18225 | Orc:2    | Bought a scroll of identify for 30 gold pieces
 18225 | Orc:2    | Bought a scroll of identify for 30 gold pieces
 18225 | Orc:2    | Bought a potion of might for 60 gold pieces
 18236 | Orc:2    | Found Kiej's Antique Armour Boutique.
 18282 | Orc:2    | Found a shimmering blue altar of Sif Muna.
 18360 | Orc:2    | Found Tettuop's Distillery.
 18406 | Orc:2    | Found a staircase to the Elven Halls.
 18668 | Orc:2    | Found Uneroimi's Antique Weapon Boutique.
 19407 | D:14     | Noticed Rupert
 19416 | D:14     | Killed Rupert
 19417 | D:14     | Reached skill level 10 in Throwing
 19462 | D:14     | Noticed Ythrij's ghost (journeyman GrEE)
 19466 | D:14     | Found a runed translucent door.
 19632 | D:14     | Received a gift from Okawaru
 19774 | D:14     | Found Laum's Antique Weapon Shop.
 20146 | D:14     | Killed Ythrij's ghost
 20179 | D:15     | Entered Level 15 of the Dungeon
 20195 | D:15     | Found a bloodstained altar of Trog.
 20230 | D:15     | Identified Roxanne's Spellbook of Teratogeny
 20230 | D:15     | Noticed Roxanne
 20246 | D:15     | Killed Roxanne
 20255 | D:15     | Identified the +3 leather armour of Free Will {rN+ Will+
                  | Int-4}
 20343 | D:15     | Found a staircase to the Depths.
 21319 | Snake:1  | Entered Level 1 of the Snake Pit
 21340 | Snake:1  | Found a white marble altar of Elyvilon.
 21406 | Snake:1  | Reached skill level 15 in Fighting
 21413 | Snake:1  | Reached skill level 15 in Armour
 21507 | Snake:1  | Acquired the ring "Hoopuo Inno" {rPois rCorr Str+6}
 21509 | Snake:1  | Acquired 1069 gold pieces
 21629 | Snake:1  | Identified the +2 halberd of Malaise {venom, Will+}
 21784 | Snake:1  | Received a gift from Okawaru
 22117 | Snake:2  | Reached XP level 16. HP: 136/149 MP: 20/20
 22239 | Snake:2  | Found Hogoith's Magic Scroll Boutique.
 22270 | Snake:2  | Found Itzio's Book Boutique.
 22274 | Snake:2  | Bought a scroll of silence for 171 gold pieces
 22427 | Snake:2  | You fall into a shaft and drop 1 floor!
 22435 | Snake:3  | Received a gift from Okawaru
 22522 | Snake:3  | Found Jyonac's General Store.
 22526 | Snake:3  | Received a gift from Okawaru
 22693 | Snake:3  | Found Motohal's Jewellery Emporium.
 22714 | Snake:3  | Bought the ring "Kagih" {rElec rF++ Str+6} for 877 gold
                  | pieces
 22721 | Snake:3  | Identified the +5 mace of the Hero {elec, rC++ Will-}
                  | (Okawaru gifted it to you on level 3 of the Snake Pit)
 22721 | Snake:3  | Received a gift from Okawaru
 23019 | Snake:3  | Acquired the +2 hat "Trusted Companion" {+Blink Regen+}
 23162 | Snake:3  | Found Naogot's Weapon Boutique.
 23213 | Snake:3  | Found Gawnodor's Distillery.
 23215 | Snake:3  | Found Nuguemon's Magic Scroll Emporium.
 23221 | Snake:3  | Bought a potion of might for 68 gold pieces
 23231 | Snake:3  | Found Wecs's Assorted Antiques.
 23231 | Snake:3  | Found Hustolay's Jewellery Boutique.
 23671 | Snake:4  | Entered Level 4 of the Snake Pit
 23899 | Snake:4  | Received a gift from Okawaru
 23913 | Snake:4  | Found a transporter.
 23952 | Snake:4  | Found a transporter.
 24003 | Snake:4  | Received a gift from Okawaru
 24076 | Snake:4  | Noticed a quicksilver dragon
 24077 | Snake:4  | Noticed a quicksilver dragon
 24086 | Snake:4  | Killed a quicksilver dragon
 24091 | Snake:4  | Killed a quicksilver dragon
 24123 | Snake:4  | Reached XP level 17. HP: 142/158 MP: 22/22
 24263 | Snake:4  | Got a serpentine rune of Zot
 24300 | Snake:4  | Noticed jurchenman's ghost (adept MiFi)
 24766 | Snake:4  | Killed jurchenman's ghost
 25033 | Swamp:1  | Entered Level 1 of the Swamp
 25119 | Swamp:1  | Received a gift from Okawaru
 25119 | Swamp:1  | Found the +2 shield of Resistance {rF++ rC++ Will++}
 25686 | Swamp:2  | Noticed Mlioglotl
 25695 | Swamp:2  | Killed Mlioglotl
 25939 | Swamp:2  | Noticed Donald
 25949 | Swamp:2  | Killed Donald
 26133 | Swamp:2  | Reached skill level 10 in Invocations
 26237 | Swamp:3  | Noticed dchavez06's ghost (adept GrEE)
 26237 | Swamp:3  | Found the ring of the Octopus King
 26242 | Swamp:3  | Found a runed translucent gate.
 26242 | Swamp:3  | Found a runed translucent gate.
 26242 | Swamp:3  | Found a runed translucent gate.
 26255 | Swamp:3  | Identified the +0 pair of gloves "Fiefynt" {Rampage rCorr
                  | Str-4} (Okawaru gifted it to you on level 3 of the Swamp)
 26255 | Swamp:3  | Received a gift from Okawaru
 26792 | Swamp:3  | Reached skill level 15 in Shields
 26792 | Swamp:3  | Reached XP level 18. HP: 168/168 MP: 24/24
 26815 | Swamp:3  | Killed dchavez06's ghost
 26826 | Swamp:3  | Identified a ring of the Octopus King {Wiz HP+2 AC+2 EV+2
                  | SH+2}
 27034 | Swamp:4  | Entered Level 4 of the Swamp
 27368 | Swamp:4  | Received a gift from Okawaru
 27631 | Swamp:4  | Received a gift from Okawaru
 27690 | Swamp:4  | Received a gift from Okawaru
 27826 | Swamp:4  | Got a decaying rune of Zot
 28157 | Vaults:1 | Entered Level 1 of the Vaults
 28530 | Vaults:1 | Identified the +2 pair of gloves of Iklih {rElec rC+ Str+2}
                  | (Okawaru gifted it to you on level 1 of the Vaults)
 28530 | Vaults:1 | Received a gift from Okawaru
 29204 | Vaults:2 | Reached XP level 19. HP: 179/179 MP: 26/26
 29563 | Vaults:2 | Received a gift from Okawaru
 29754 | Vaults:2 | Found a portal to a secret trove of treasure.
 30334 | Vaults:2 | Reached skill level 10 in Evocations
 30337 | Vaults:2 | Received a gift from Okawaru
 30563 | Vaults:3 | Identified the +10 plate armour of Filth {-Cast rElec rF++
                  | Str+3 Dex+4} (Okawaru gifted it to you on level 3 of the
                  | Vaults)
 30563 | Vaults:3 | Received a gift from Okawaru
 30885 | Vaults:3 | Identified the +5 kite shield of Xacowias {Dex+3}
 30885 | Vaults:3 | Noticed Asterion
 30904 | Vaults:3 | Killed Asterion
 30948 | Vaults:3 | Reached XP level 20. HP: 185/191 MP: 28/28
 31016 | Vaults:3 | Identified the +0 pair of boots of the Morning Star
                  | {*Corrode Str+8} (Okawaru gifted it to you on level 3 of
                  | the Vaults)
 31016 | Vaults:3 | Received a gift from Okawaru
 31200 | Vaults:3 | Reached skill level 15 in Throwing
 31592 | Vaults:3 | Found Hypp's Weapon Emporium.
 31639 | Vaults:3 | Found a staircase to the Crypt.
 32135 | Vaults:4 | Received a gift from Okawaru
 32334 | Vaults:4 | Received a gift from Okawaru
 32379 | Vaults:4 | Identified the +11 demon whip "Newt's Undoing" {pain, rPois
                  | Int+5 Dex-2} (Okawaru gifted it to you on level 4 of the
                  | Vaults)
 32379 | Vaults:4 | Received a gift from Okawaru
 33587 | Vaults:5 | Entered Level 5 of the Vaults
 33657 | Vaults:4 | Reached XP level 21. HP: 197/202 MP: 29/29
 33717 | Vaults:4 | Identified the +1 ring mail of the Hall of Blades {rPois}
                  | (Okawaru gifted it to you on level 4 of the Vaults)
 33717 | Vaults:4 | Received a gift from Okawaru
 33987 | Vaults:5 | Noticed a golden dragon
 34007 | Vaults:5 | Killed a golden dragon
 34008 | Vaults:5 | Reached skill level 15 in Dodging
 34048 | Vaults:5 | Noticed a dread lich
 34055 | Vaults:5 | Killed a dread lich
 34055 | Vaults:5 | Identified the +3 long sword of Gehenna {freeze, rPois
                  | Will+ Dex+6} (Okawaru gifted it to you on level 5 of the
                  | Vaults)
 34055 | Vaults:5 | Received a gift from Okawaru
 34345 | Vaults:5 | Identified the ring "Iphygh" {rPois Str+7 Int+6}
 34350 | Vaults:5 | Noticed Margery
 34361 | Vaults:5 | Killed Margery
 34398 | Vaults:5 | Identified the staff of cold "Seip" {rF- rC+ Will+ Str+5}
 34400 | Vaults:5 | Got a silver rune of Zot
 34640 | Vaults:5 | Found Qeigyff's Book Shop.
 34703 | Vaults:5 | Identified the +0 leather armour of Complete Protection
                  | {rF+ rC+}
 34764 | Vaults:5 | Found the +11 plutonium sword {Contam Stlth-}
 34775 | Vaults:5 | Identified the ring of the Eagle {*Slow rF+ rN+++ Slay-2}
 34794 | Vaults:5 | Identified the +5 morningstar "Gydegheo" {drain, Int+4
                  | Dex+3}
 35171 | Slime:1  | Entered Level 1 of the Pits of Slime
 35783 | Slime:2  | Received a gift from Okawaru
 36362 | Slime:3  | Reached XP level 22. HP: 211/215 MP: 30/30
 36944 | Slime:3  | Gained mutation: You are clumsy. (Dex -2) [a shining eye]
 37239 | Slime:4  | Received a gift from Okawaru
 37287 | Slime:4  | Gained mutation: You are partially covered in iridescent
                  | scales. (AC +2) [a shining eye]
 37681 | Slime:5  | Entered Level 5 of the Pits of Slime
 37736 | Slime:5  | Gained mutation: You do not regenerate when monsters are
                  | visible. [a shining eye]
 37737 | Slime:5  | Gained mutation: Your body sometimes deteriorates upon
                  | taking damage. [a shining eye]
 37750 | Slime:5  | Noticed the Royal Jelly
 37754 | Slime:5  | Found a viscous altar of Jiyva.
 37777 | Slime:5  | Killed the Royal Jelly
 37821 | Slime:5  | Gained mutation: Your spells are a little easier to cast,
                  | but a little less powerful. [a shining eye]
 37823 | Slime:5  | Gained mutation: Your body often deteriorates upon taking
                  | damage. [a shining eye]
 37836 | Slime:5  | Identified the +6 long sword of Sin {pain, rElec rF+}
 37838 | Slime:5  | Identified the ring "Ozxuitau" {*Corrode rElec rPois Str+7}
 37861 | Slime:5  | Got the Octavo of Spellbinding
 37863 | Slime:5  | Got a slimy rune of Zot
 37922 | Slime:5  | Identified the staff of conjuration "Siupiobe" {rN+ Dex+3}
 37986 | Slime:5  | Reached skill level 1 in Stealth
 37997 | Slime:5  | Identified the +6 scale mail of Okawaru's Benevolence
                  | {Dex+6} (Okawaru gifted it to you on level 5 of the Pits of
                  | Slime)
 37997 | Slime:5  | Received a gift from Okawaru
 38356 | Slime:5  | Gained mutation: You are vulnerable to cold. (rC-) [a
                  | shining eye]
 38433 | Slime:5  | Identified the +4 whip of Iqemeon {elec, MP+9 Int+3}
 38815 | Lair:1   | Lost mutation: You do not regenerate when monsters are
                  | visible. [potion of mutation]
 38815 | Lair:1   | Lost mutation: Your body often deteriorates upon taking
                  | damage. [potion of mutation]
 38815 | Lair:1   | Gained mutation: You occasionally lose the ability to drink
                  | potions when taking damage. [potion of mutation]
 38815 | Lair:1   | Gained mutation: You are robust. (+10% HP) [potion of
                  | mutation]
 38816 | Lair:1   | Lost mutation: You are vulnerable to cold. (rC-) [potion of
                  | mutation]
 38816 | Lair:1   | Lost mutation: You are robust. (+10% HP) [potion of
                  | mutation]
 38816 | Lair:1   | Gained mutation: Your system is resistant to poisons.
                  | (rPois) [potion of mutation]
 38816 | Lair:1   | Lost mutation: You are partially covered in iridescent
                  | scales. (AC +2) [potion of mutation]
 38816 | Lair:1   | Gained mutation: You have hidden genetic potential. [potion
                  | of mutation]
 38817 | Lair:1   | Lost mutation: Your body sometimes deteriorates upon taking
                  | damage. [potion of mutation]
 38817 | Lair:1   | Lost mutation: You occasionally lose the ability to drink
                  | potions when taking damage. [potion of mutation]
 38817 | Lair:1   | Gained mutation: You have supernaturally acute eyesight.
                  | (SInv) [potion of mutation]
 38817 | Lair:1   | Gained mutation: You are partially covered in iridescent
                  | scales. (AC +2) [potion of mutation]
 38931 | Elf:1    | Entered Level 1 of the Elven Halls
 39063 | Elf:1    | Found Jusia's Jewellery Boutique.
 39692 | Elf:3    | Entered Level 3 of the Elven Halls
 39787 | Elf:3    | Found a radiant altar of Vehumet.
 39813 | Elf:3    | Found Jiuqaash's General Store.
 39814 | Elf:3    | Paralysed by an air elemental for 1 turns
 39872 | Elf:3    | Bought a scroll of enchant armour for 127 gold pieces
 39909 | Elf:3    | Found a magical portal.
 39929 | WizLab   | Entered The Hall of the Hellbinder
 39973 | WizLab   | Gained mutation: Your body sometimes deteriorates upon
                  | taking damage. [a cacodemon]
 40204 | WizLab   | Found a burning altar of Makhleb.
 40212 | WizLab   | Reached skill level 5 in Stealth
 40302 | WizLab   | Identified the +2 cloak of Conscience {Harm rF+ Dex+5}
 40306 | WizLab   | Identified the ring of the Princeling {Int+5 Dex+6 Slay+2}
 40598 | Elf:3    | Identified the +4 mace "Etroam" {heavy, rElec rF++}
                  | (Okawaru gifted it to you on level 3 of the Elven Halls)
 40598 | Elf:3    | Received a gift from Okawaru
 40600 | Elf:3    | Reached XP level 23. HP: 228/229 MP: 31/31
 40700 | Elf:3    | Identified the +9 short sword of Distant Shores {heavy, Fly
                  | rElec Str+4}
 40792 | Elf:3    | Identified the +0 scale mail of Tortured Curiosity {rF+
                  | Will+++ Str+2 Int-4}
 40810 | Elf:3    | Identified the +11 demon trident "Aczaeh" {drain, *Slow
                  | rN++}
 40811 | Elf:3    | Identified the +6 battleaxe of Wippug {venom, Will+ Str+4
                  | Dex+3}
 40821 | Elf:3    | Identified the +5 falchion of Famine {elec, rPois rN+++
                  | Str+2 Dex-3}
 40826 | Elf:3    | Identified the ring "Udwoubowk" {rElec MP+9 Int+2 Stlth+}
 40827 | Elf:3    | Identified the +1 robe of Pupan {Rampage Drain rF+ Str+2}
 40835 | Elf:3    | Identified the +8 whip of Gozag, Imbibing {freeze, rElec
                  | rPois rF- Will++}
 40836 | Elf:3    | Identified the +12 morningstar of the Messenger {elec,
                  | Contam rElec Int+6}
 40839 | Elf:3    | Identified the +0 pair of boots of Failure {rCorr Dex+3}
 40864 | Elf:3    | Identified the amulet of Estrov {Acrobat rElec rCorr Dex+3
                  | Slay-2}
 40865 | Elf:3    | Identified the staff of death "Fass" {rN+ rCorr Stlth+}
 41362 | Elf:3    | Identified the staff of fire "Zedezori" {Drain rPois rF+
                  | Str+3}
 41366 | Elf:3    | Identified the +0 flail "Wemne" {flame, SInv}
 42000 | Depths:1 | Entered Level 1 of the Depths
 42050 | Depths:1 | Found a gateway to Hell.
 42122 | Depths:1 | Found an opulent altar of Gozag.
 42123 | Depths:1 | Noticed Sojobo
 42129 | Depths:1 | Paralysed by an air elemental for 1 turns
 42134 | Depths:1 | Paralysed by an air elemental for 1 turns
 42139 | Depths:1 | Paralysed by an air elemental for 1 turns
 42142 | Depths:1 | Killed Sojobo
 42352 | Depths:1 | Identified the +0 scale mail of Monotheism {-Tele Dex+5}
                  | (Okawaru gifted it to you on level 1 of the Depths)
 42352 | Depths:1 | Received a gift from Okawaru
 42843 | Depths:1 | Gained mutation: Your mind is acute. (Int +4, Str/Dex -1)
                  | [hidden potential]
 43602 | Depths:2 | Noticed a juggernaut
 43617 | Depths:2 | Killed a juggernaut
 43758 | Depths:2 | Reached skill level 10 in Stealth
 43804 | Depths:2 | You fall into a shaft and drop 2 floors!
 43804 | Depths:4 | Entered Level 4 of the Depths
 43817 | Depths:4 | Noticed Vv
 43837 | Depths:4 | Killed Vv
 43875 | Depths:4 | Found a gate to the Realm of Zot.
 43957 | Depths:4 | Received a gift from Okawaru
 44010 | Depths:4 | Received a gift from Okawaru
 44019 | Depths:4 | Noticed Saint Roka
 44037 | Depths:4 | Reached XP level 24. HP: 245/245 MP: 31/31
 44060 | Depths:4 | Killed Saint Roka
 44166 | Depths:4 | Found a one-way gateway to a ziggurat.
 44796 | Depths:3 | Found a corrupted altar of Lugonu.
 45112 | Depths:3 | Received a gift from Okawaru
 45166 | Depths:3 | Gained mutation: Your muscles are strong. (Str +4, Int/Dex
                  | -1) [hidden potential]
 45166 | Depths:3 | Lost mutation: You have hidden genetic potential. [hidden
                  | potential expressed]
 45434 | Depths:3 | Reached skill level 27 in Fighting
 45704 | Depths:3 | Identified the +8 tower shield of the Bells {-Cast rPois
                  | rF+ rCorr} (Okawaru gifted it to you on level 3 of the
                  | Depths)
 45704 | Depths:3 | Received a gift from Okawaru
 46006 | Depths:2 | Found a one-way gate leading to the halls of Pandemonium.
 46228 | Zot:1    | Entered Level 1 of the Realm of Zot
 46393 | Zot:1    | Reached XP level 25. HP: 128/257 MP: 31/31
 46689 | Zot:1    | Noticed an orb of fire
 46785 | Zot:1    | Noticed an ancient lich
 46789 | Zot:1    | Killed an ancient lich
 46789 | Zot:1    | Received a gift from Okawaru
 46818 | Zot:1    | Gained mutation: You occasionally lose the ability to read
                  | scrolls when taking damage. [an orb of fire]
 46823 | Zot:1    | Gained mutation: You have hidden genetic defects. [an orb
                  | of fire]
 46828 | Zot:1    | Gained mutation: You are strong-willed. (Will+) [an orb of
                  | fire]
 46829 | Zot:1    | Gained mutation: You occasionally shout uncontrollably at
                  | your foes. [an orb of fire]
 46830 | Zot:1    | Killed an orb of fire
 46849 | Zot:1    | Found a stormy altar of Qazlal.
 47324 | Zot:1    | Received a gift from Okawaru
 47763 | Lair:1   | Lost mutation: You occasionally lose the ability to read
                  | scrolls when taking damage. [potion of mutation]
 47763 | Lair:1   | Lost mutation: You are strong-willed. (Will+) [potion of
                  | mutation]
 47764 | Lair:1   | Lost mutation: Your mind is acute. (Int +4, Str/Dex -1)
                  | [potion of mutation]
 47764 | Lair:1   | Lost mutation: You occasionally shout uncontrollably at
                  | your foes. [potion of mutation]
 47764 | Lair:1   | Gained mutation: You have large cloven feet. [potion of
                  | mutation]
 47764 | Lair:1   | Lost mutation: You have hidden genetic defects. [potion of
                  | mutation]
 48475 | Zot:2    | Noticed an orb of fire
 48482 | Zot:2    | Killed an orb of fire
 48626 | Zot:2    | Received a gift from Okawaru
 48779 | Zot:3    | Received a gift from Okawaru
 49242 | Zot:3    | Noticed a Killer Klown
 49247 | Zot:3    | Killed a Killer Klown
 49292 | Zot:3    | Identified the +11 trident "Jink" {pain, *Rage rC+ Will+
                  | Dex+3} (Okawaru gifted it to you on level 3 of the Realm of
                  | Zot)
 49292 | Zot:3    | Received a gift from Okawaru
 49319 | Zot:3    | Identified the amulet "Eniukau" {Faith Fragile rCorr Str+3}
 50008 | Zot:4    | Identified the +0 falchion "Poddarai" {heavy, rCorr Str+4}
 50724 | Zot:5    | Entered Level 5 of the Realm of Zot
 50812 | Zot:4    | Reached XP level 26. HP: 242/266 MP: 31/31
 50841 | Zot:5    | Noticed a dread lich
 50845 | Zot:5    | Noticed an ancient lich
 50845 | Zot:5    | Noticed an orb of fire
 50845 | Zot:5    | Noticed an ancient lich
 50962 | Zot:5    | Received a gift from Okawaru
 51034 | Zot:5    | Noticed an orb of fire
 51037 | Zot:5    | Killed an orb of fire
 51042 | Zot:5    | Noticed an orb of fire
 51048 | Zot:5    | Killed an orb of fire
 51048 | Zot:5    | Received a gift from Okawaru
 51090 | Zot:5    | Killed an ancient lich
 51090 | Zot:5    | Received a gift from Okawaru
 51090 | Zot:5    | Noticed a dread lich
 51092 | Zot:5    | Killed an orb of fire
 51094 | Zot:5    | Killed a dread lich
 51100 | Zot:5    | Killed a dread lich
 51103 | Zot:5    | Killed an ancient lich
 51118 | Zot:5    | Noticed an orb of fire
 51124 | Zot:5    | Gained mutation: You are vulnerable to cold. (rC-) [an orb
                  | of fire]
 51126 | Zot:5    | Killed an orb of fire
 51305 | Zot:5    | Noticed an orb of fire
 51313 | Zot:5    | Gained mutation: You occasionally shout uncontrollably at
                  | your foes. [an orb of fire]
 51315 | Zot:5    | Reached skill level 27 in Armour
 51323 | Zot:5    | Killed an orb of fire
 51325 | Zot:5    | Noticed an orb of fire
 51330 | Zot:5    | Reached skill level 27 in Maces & Flails
 51334 | Zot:5    | Gained mutation: You are occasionally teleported next to
                  | monsters. [an orb of fire]
 51335 | Zot:5    | Killed an orb of fire
 51335 | Zot:5    | Received a gift from Okawaru
 51421 | Zot:5    | Noticed an orb of fire
 51424 | Zot:5    | Killed an orb of fire
 51465 | Zot:5    | Got the Orb of Zot
 51549 | Zot:5    | Noticed Mubleu Zidd the pandemonium lord
 51819 | D:15     | Noticed Jubot the pandemonium lord
 51985 | D:7      | Noticed Gaugg the pandemonium lord
 51992 | D:7      | Killed Gaugg the pandemonium lord
 51992 | D:7      | Received a gift from Okawaru
 52049 | D:6      | Noticed Kintugye the pandemonium lord
 52057 | D:6      | Killed Kintugye the pandemonium lord
 52131 | D:2      | Noticed Loateng the pandemonium lord
 52133 | D:2      | Killed Loateng the pandemonium lord
 52183 | D:$      | Escaped with the Orb!

Illustrated notes

Levels and vault maps discovered:
D:1:      doesnt_arrival_eight_statues, layout_rooms, serial_shops, shop_statue
D:2:      minmay_alternating_diamond, layout_basic, serial_shops,
          nicolae_shop_just_a_little_nook, basic_altar, minmay_between
D:3:      layout_basic, nicolae_qazlal_scattered_showers,
          shapermc_ecumenical_altar_notcrosses, nrook_loot_triangle
D:4:      layout_loops_ring, nicolae_tso_carved_into_rock
D:5:      layout_loops_corners, temple_fountains
D:6:      corexii_shantytown, layout_loops_corners, serial_shops, shop,
          nicolae_shop_bloodbath_and_beyond, nicolae_square_shop,
          amcnicky_altar_lugonu_corruption, uniq_edmund, uniq_grinder,
          uniq_eustachio
D:7:      layout_basic, kennysheep_pointless_box
D:8:      layout_basic, mainiacjoe_overflow_alcove_4,
          nicolae_wu_jian_immortal_techniques, hellmonk_lair_entry_icy,
          minmay_manual_mares
D:9:      layout_small_grid
D:10:     layout_loops_corners, fedhas_altar_fruit_tree,
          minmay_orc_entry_temple_small
D:11:     layout_long_grid, roderic_roman_lattice, minivault_5, uniq_erolcha
D:12:     wad_statue_garden, layout_loops_cross, minmay_large_rounded_square,
          disabler_island
D:13:     layout_roguey, david_vaults_2, nicolae_ru_sacrificial_ziggurat,
          uniq_frances
D:14:     layout_roguey, hellmonk_ghost_happy_afterlife, minivault_23,
          serial_shops, shop, uniq_rupert
D:15:     gammafunk_depths_entry_grave, layout_long_grid,
          ebering_dispersal_statue_hall, grunt_decor_cap, trog_ov_bears_minmay,
          uniq_roxanne
Temple:   bh_familiar_temple
Lair:1:   layout_regular_city, grunt_forest_small_clearing_treed,
          grunt_megastairs_4, uniq_grum, uniq_sonja
Lair:2:   layout_cave_pods, swamp_mist, dummy_snake_entry, beast_lair_carwin_1,
          lemuel_fruit_fields
Lair:3:   layout_roguey, evilmike_ambush [evilmike_ambush_outer_corners,
          evilmike_ambush_inner_basic]
Lair:4:   layout_roguey, minmay_stone_trees_small, uniq_kirke
Lair:5:   guppyfry_lair_end_dragon, layout_cave_pods, hangedman_lair_in_review,
          minmay_slime_entry_pillars, kennysheep_basilisk_garden
Swamp:1:  cheibrodos_swamp_tower_of_moss, layout_basic_swamp,
          evilmike_swamp_ruin_wall, swamp_pool5, nicolae_swamp_some_circles
Swamp:2:  layout_basic_swamp, evilmike_swamp_ruin_house_4, swamp_pool3,
          grunt_hermit_hut, infiniplex_staircase_pool, uniq_donald,
          uniq_mlioglotl
Swamp:3:  layout_basic_swamp, gammafunk_ghost_split, nicolae_swamp_little_tower,
          swamp_pool5
Swamp:4:  swamp, layout_basic_swamp, swamp_pool1, nicolae_swamp_vermiculated
Snake:1:  layout_grid_maze, basic_altar, nicolae_snake_gridmaze_swirls
Snake:2:  layout_rooms, minmay_shop_star
Snake:3:  layout_basic, serial_shops, nicolae_shop_pleasant_corner_grove, shop,
          shop, nicolae_snake_serpentine_bazaar
Snake:4:  hellmonk_snake_rune_quicksilver_temple, layout_misc_corridors,
          gammafunk_ghost_abyssal_escape, drop_trap, nicolae_snake_bzzzt,
          serial_bayou_shore_a
Slime:1:  layout_caves
Slime:2:  nicolae_slime_pool, layout_caves, cheibrodos_slime_lost_civilization_6
Slime:3:  nicolae_slime_jelly_donut, layout_caves, nicolae_slime_barrier
Slime:4:  cheibrodos_slime_lost_civilization_1, layout_caves
Slime:5
Orc:1:    layout_diamond_mine, basic_altar
Orc:2:    grunt_orc_cross, layout_caves, serial_shops, shop, basic_altar,
          led_sif_book
Elf:1:    layout_rooms, serial_shops, shop, hangedman_elf_represent,
          nicolae_concentric_dashed_squares_wild, hangedman_elven_ridges
Elf:2:    elven_hall_of_blades_hangedman_original [nicolae_blade_little_rooms],
          layout_loops_cross
Elf:3:    elf_hall, layout_geoelf_grid, serial_shops, shop_statue, basic_altar,
          infiniplex_enter_wizlab_water
Vaults:1: nicolae_vaults_mini_display_case, ontoclasm_vaults_ring_large,
          dpeg_vaults_hating_casters, nicolae_vaults_storage_room_glass,
          vaults_standard_mumra_lines, nicolae_vaults_tangram_1,
          layout_vaults_omnigrid
Vaults:2: nicolae_vaults_cornered_office, nicolae_vaults_murder_corner,
          vaults_room_fancy_cross, nicolae_vaults_puzzle_piece, v_misc_16,
          v_misc_3, vaults_room_pool, ontoclasm_vaults_idyll, v_misc_5,
          ontoclasm_vaults_eye, nicolae_vaults_house_1, layout_vaults_omnicross,
          nicolae_trove_entry_columns
Vaults:3: vaults_room_glass_cross, vaults_room_boxed,
          nicolae_vaults_double_plus_3, hangedman_vaults_river_flow,
          hangedman_vaults_cutoff, v_misc_31, nicolae_vaults_network_quinsquares
          [nicolae_vaults_network_quincunx_subvault,
          nicolae_vaults_network_quincunx_subvault,
          nicolae_vaults_network_quincunx_subvault,
          nicolae_vaults_network_quincunx_subvault], v_pattern_1,
          nicolae_vaults_variable_pillar_hall, grunt_vaults_hallway_short,
          minmay_crypt_entry_simple_corners, nicolae_vaults_trapezoid_2,
          nicolae_vaults_layer_cake_slice, nicolae_vaults_trapezoid_2,
          nicolae_vaults_tetromino_L_1, layout_vaults_big_room, serial_shops,
          shop, uniq_asterion
Vaults:4: nicolae_vaults_trapezoid_lopsided_3, grunt_vaults_focal,
          nicolae_vaults_twisting_passages, vaults_room_octagon,
          hangedman_vaults_unwind, v_misc_2, hangedman_vaults_cutoff,
          nicolae_vaults_double_plus_2, nicolae_vaults_thirteen_compartments,
          v_misc_17, nicolae_vaults_border_crossing, nicolae_vaults_two_Ls,
          nicolae_vaults_trapezoid_1, nicolae_vaults_wine_cellar,
          layout_vaults_ring
Vaults:5: uniq_margery
Depths:1: layout_honeycomb, serial_rivers, chequers_serial_rivers_micro_d,
          chequers_serial_rivers_small_3, chequers_serial_rivers_large_a,
          chequers_serial_rivers_marsh, chequers_serial_rivers_micro_e,
          chequers_serial_rivers_marsh, lemuel_doored_altar, grunt_metal_band,
          minmay_curled_crystal, minmay_protected_statue, uniq_sojobo
Depths:2: kennysheep_oblong_rooms, layout_gridlike, hell_entry,
          rand_demon_pan_entry_7, minmay_parallelograms,
          minmay_staircase_statues_hall_small
Depths:3: nzn_winding_woodlands_medium [nzn_winding_woodlands_5x5_closed_star,
          nzn_winding_woodlands_5x15_sawtooth, nzn_winding_woodlands_5x5_three,
          nzn_winding_woodlands_5x5_perimeter,
          nzn_winding_woodlands_center_pierced_h,
          nzn_winding_woodlands_5x5_open_star, nzn_winding_woodlands_5x5_cross,
          nzn_winding_woodlands_5x15_split_checker,
          nzn_winding_woodlands_hourglass], layout_cave_pools, hell_entry,
          abyss_entry_flame_altar, infiniplex_staircase_x
Depths:4: evilmike_zot_entry_diamond, layout_gridlike, enter_ziggurat_b,
          hell_entry, amcnicky_mini_pool_small, uniq_saint_roka, uniq_vv
Zot:1:    regret_index_qazlal_generations, layout_basic
Zot:2:    layout_gridlike
Zot:3:    layout_gridlike, hangedman_zot_decor_checkerboard,
          hangedman_spider_trapstep, lemuel_elevator, grunt_megastairs_1
Zot:4:    layout_misc_corridors
Zot:5:    layout_basic

Skill      XL: |  1  2  3  4  5  6  7  8  9 10 11 12 13 14 15 16 17 18 19 20 21 22 23 24 25 26 |
---------------+-------------------------------------------------------------------------------+-----
Fighting       | 4 5 6 7 8 10 11 12 13 14 15 16 18 19 20 22 24 26 27 | 27.0
Shields        | 4 5 6 7 8 10 11 12 13 15 | 15.0
Armour         | 4 5 6 7 8 10 11 12 13 14 15 16 18 19 20 21 22 24 26 27 | 27.0
Maces & Flails | 3 4 5 7 8 11 14 16 17 18 19 20 21 22 24 26 27 | 27.0
Dodging        | 3 4 5 6 7 9 10 12 13 15 | 15.0
Throwing       | 2 4 6 7 8 9 10 11 12 13 14 16 17 18 19 20 22 | 22.6
Evocations     | 1 4 5 6 7 9 10 | 10.0
Invocations    | 3 5 7 8 10 11 12 | 12.0
Stealth        | 6 10 | 10.0

Action                     |  1- 3 |  4- 6 |  7- 9 | 10-12 | 13-15 | 16-18 | 19-21 | 22-24 | 25-27 || total
---------------------------+-------+-------+-------+-------+-------+-------+-------+-------+-------++-------
  Melee: Flail             |    98 |   114 |   291 |   371 |       |       |       |       |       ||   874
         Headbutt          |    17 |    16 |    65 |   132 |   271 |   374 |   471 |   516 |   216 ||  2078
         Morningstar       |       |       |       |   118 |    88 |       |       |   265 |   546 ||  1017
         Eveningstar       |       |       |       |       |   864 |  1252 |  1360 |  1285 |   131 ||  4892
  Throw: Throwing net      |       |     2 |       |       |       |       |       |       |       ||     2
         Boomerang         |       |     1 |     2 |    21 |    63 |    57 |    58 |    85 |    70 ||   357
         Javelin           |       |       |       |       |     8 |       |     7 |     3 |    55 ||    73
 Invoke: Heroism           |       |       |       |     2 |     4 |     3 |     7 |     8 |     1 ||    25
         Finesse           |       |       |       |     1 |     2 |       |     7 |     7 |     1 ||    18
Ability: Evoke Blink       |       |       |       |       |       |       |       |       |     1 ||     1
  Evoke: Tin of tremorston |       |       |       |       |       |     1 |       |     4 |       ||     5
         Lightning rod     |       |       |       |       |       |       |       |     1 |       ||     1
    Use: Scroll            |       |       |       |       |    31 |     2 |       |    14 |       ||    47
         Potion            |       |       |       |       |     1 |     2 |     1 |     7 |     2 ||    13
   Stab: Held in net/web   |       |     1 |       |       |       |       |       |       |       ||     1
         Distracted        |       |       |     1 |       |       |       |       |       |     1 ||     2
         Petrifying        |       |       |       |       |     2 |       |       |       |       ||     2
         Petrified         |       |       |       |       |     1 |       |       |       |     3 ||     4
         Sleeping          |       |       |       |       |     2 |       |       |     1 |     1 ||     4
         Confused          |       |       |       |       |       |     1 |       |     2 |     1 ||     4
 Armour: Scale mail        |    68 |    56 |    91 |   117 |       |       |       |       |       ||   332
         Chain mail        |       |       |       |    53 |   197 |    79 |       |       |       ||   329
         Swamp dragon scal |       |       |       |       |     3 |       |       |       |       ||     3
         Skin              |       |       |       |       |       |    11 |       |       |       ||    11
         Quicksilver drago |       |       |       |       |       |   274 |    55 |       |       ||   329
         Plate armour      |       |       |       |       |       |       |   335 |   653 |   291 ||  1279
  Dodge: Dodged            |    42 |    51 |    93 |   245 |   494 |   822 |   811 |  1121 |   446 ||  4125
  Block: Buckler           |    19 |    22 |    75 |   115 |    72 |       |       |       |       ||   303
         Kite shield       |       |       |       |       |   379 |   842 |   974 |  1193 |   469 ||  3857
